[Event "NK 2022"]
[Site "Groningen, Netherlands"]
[Date "2022.12.29"]
[Round "16.1"]
[White "L'Ami, Erwin"]
[Black "Kevlishvili, Robby"]
[Result "1/2-1/2"]
[TimeControl "40/90; 30 minutes + increment 30 seconds from start"]
[WhiteTitle "GM"]
[BlackTitle "GM"]
[WhiteFideId "1007998"]
[BlackFideId "1040634"]
[WhiteElo "2627"]
[BlackElo "2530"]

1. d4 d5 2. c4 c6 3. Nf3 Nf6 4. e3 Bf5 5. Nc3 e6 6. Bd3 Bxd3 7. Qxd3 Nbd7 8. O-O Be7 9. e4 dxe4 10.
Nxe4 Nxe4 11. Qxe4 O-O 12. Rd1 a5 13. a4 Re8 14. Bf4 Qb6 15. Qc2 Rad8 16. Rd3 Nf8 17. Rad1 Ng6 18. Be3 Qc7 19.
g3 Bb4 20. b3 h6 21. Kg2 Ne7 22. Bf4 Qc8 23. Bc1 b5 24. Ne5 bxa4 25. bxa4 c5 26. dxc5 Rxd3 27. Qxd3 Bxc5 28. Qf3 f6 29. Nd3 Bb6 30. c5 Bxc5 31.
Bxh6 Bb6 32. Rc1 Qd7 33. Be3 Bxe3 34. Qxe3 Nd5 35. Qe4 Qd6 36. h4 Nb4 37. Nxb4 Qxb4 38. Rc4 Qd6 39. Rc6 Qd7 40.
Rc5 Qa7 41. Rb5 Qa8 42. Kf3 Qa6 43. Kg2 Qa8 44. Qxa8 Rxa8 45. Kf3 Kf7 46. Ke4 Kg6 47. Rc5 e5 48. Rb5 Ra7 49. f4 exf4 50.
Kxf4 Rc7 51. Rxa5 Rc4+ 52. Kf3 f5 53. Ra6+ Kh5 54. a5 g5 55. Ra8 Rc3+ 56. Kf2 gxh4 57. a6 hxg3+ 58. Kg2 Rc7 59.
a7 Rh7 60. Kxg3 Rg7+ 61. Kf3 Kg5 62. Kg3 Kh5+ 63. Kf4 Kg6 64. Ke3 Kg5 65. Kf3 f4 66. Rb8 1/2-1/2

[Event "NK 2022"]
[Site "Groningen, Netherlands"]
[Date "2022.12.30"]
[Round "18.1"]
[White "Kevlishvili, Robby"]
[Black "L'Ami, Erwin"]
[Result "0-1"]
[TimeControl "40/90; 30 minutes + increment 30 seconds from start"]
[WhiteTitle "GM"]
[BlackTitle "GM"]
[WhiteFideId "1040634"]
[BlackFideId "1007998"]
[WhiteElo "2530"]
[BlackElo "2627"]

1. e4 e5 2. Nf3 Nc6 3. Bb5 a6 4. Ba4 Nf6 5. O-O Be7 6. Re1 b5 7. Bb3 d6 8. c3 O-O 9. d4 Bg4 10.
Be3 exd4 11. cxd4 d5 12. e5 Ne4 13. h3 Bh5 14. Nbd2 Nxd2 15. Qxd2 Qd7 16. Rec1 Nd8 17. Ne1 c6 18.
Nd3 Bg6 19. f4 Bxd3 20. Qxd3 f5 21. a4 Rc8 22. axb5 axb5 23. Bd1 Ne6 24. Bf3 g6 25. Kh2 Kh8 26. Rc2 Ra8 27. Rac1 Ra6 28.
Qb3 Rd8 29. Rc3 Ng7 30. Qc2 Rc8 31. Be2 Rb6 32. Ra1 Ne6 33. Qd3 Rb7 34. Bf3 Rb6 35. Rcc1 Rb7 36. Ra6 Rbc7 37. Rca1 Rb7 38.
Ra8 Rbc7 39. Qc2 Bf8 40. g4 Ng7 41. Kg3 Be7 42. R1a6 h6 43. b3 Kh7 44. Bd2 b4 45. Be3 h5 46.
Ra1 Rxa8 47. Rxa8 Ra7 48. Rxa7 Qxa7 49. Qxc6 Qa2 50. Bf2 hxg4 51. hxg4 fxg4 52. Bxg4 Qxb3+ 53. Kg2 Qb2 54. Bd1 b3 55.
Qxd5 Bh4 56. Qf3 Nf5 57. Be2 Bxf2 58. Qxf2 Qd2 59. Kf3 Nxd4+ 0-1

[Event "NK 2022"]
[Site "Groningen, Netherlands"]
[Date "2022.12.30"]
[Round "19.1"]
[White "L'Ami, Erwin"]
[Black "Kevlishvili, Robby"]
[Result "1-0"]
[TimeControl "40/90; 30 minutes + increment 30 seconds from start"]
[WhiteTitle "GM"]
[BlackTitle "GM"]
[WhiteFideId "1007998"]
[BlackFideId "1040634"]
[WhiteElo "2627"]
[BlackElo "2530"]

1. d4 Nf6 2. c4 g6 3. Nc3 Bg7 4.
Nf3 O-O 5. g3 d6 6. Bg2 Nbd7 7. O-O e5 8. e4 exd4 9. Nxd4 a6 10. h3 Ne5 11. b3 c5 12. Nde2 Rb8 13. f4 Nc6 14.
Be3 Be6 15. Qd2 Qc8 16. Kh2 b5 17. cxb5 axb5 18. f5 Bd7 19. Qxd6 b4 20. Nd5 Nxd5 21. exd5 Nd8 22. f6 Nb7 23.
Qf4 Bh8 24. g4 Re8 25. Ng3 Nd6 26. Qxd6 Rxe3 27. Rae1 Rxe1 28. Rxe1 Ra8 29. Re7 Be8 30. Qe5 Kf8 31. Ne4 1-0